 Dungeon Crawl Stone Soup version 0.18-a0-750-g37044d6 (webtiles) character file.

163 gorblad the Cudgeler (level 5, -1/55 HPs)
             Began as an Ogre Gladiator on Dec 11, 2015.
             Was an Initiate of Gozag.
             Slain by an orc (2 damage)
             ... on level 3 of the Dungeon.
             The game lasted 00:06:12 (2124 turns).

gorblad the Cudgeler (Ogre Gladiator)               Turns: 2124, Time: 00:06:12

Health: -1/55      AC:  3    Str: 21    XL:     5   Next: 44%
Magic:  5/5        EV: 10    Int:  7    God:    Gozag
Gold:   86         SH:  0    Dex: 10    Spells: 0 memorised, 4 levels left

rFire  . . .     SeeInvis .     a - +0 flail
rCold  . . .     Clarity  .     b - +0 robe
rNeg   . . .     SustAt   .     (no shield)
rPois  .         Gourm    .     c - +0 hat
rElec  .         Spirit   .     (no cloak)
rCorr  .         Dismiss  .     (gloves unavailable)
rMut   .         Stasis   .     (boots unavailable)
MR     .....                    l - amulet of faith
Stlth  +.........               (no ring)
                                (no ring)

@: lethally poisoned (-1 -> -5), very slightly contaminated, hasted, very quick,
not resistant to hostile enchantments, very unstealthy
A: unfitting armour, tough skin 1
a: Potion Petition, Call Merchant, Bribe Branch, Renounce Religion


You were on level 3 of the Dungeon.
You worshipped Gozag.
Gozag was noncommittal.
You were hungry.

You visited 1 branch of the dungeon, and saw 3 of its levels.

You collected 112 gold pieces.
You paid 26 gold pieces to Gozag.

Inventory:

Hand Weapons
 a - a +0 flail (weapon)
Missiles
 d - 3 throwing nets (quivered)
Armour
 b - a +0 robe (worn)
 c - a +0 hat (worn)
Jewellery
 k - an uncursed amulet of dismissal
 l - an amulet of faith (around neck)
 o - an uncursed ring of flight {unknown}
Wands
 r - a wand of teleportation (3)
Scrolls
 m - 3 scrolls of enchant weapon {unknown}
 n - 2 scrolls of enchant armour {unknown}
 p - a scroll of remove curse
 q - a scroll of teleportation
 t - a scroll of immolation {unknown}
 u - a scroll of blinking {unknown}
Potions
 g - a potion of curing {unknown}
 s - a potion of poison {unknown}
Comestibles
 e - 3 bread rations
 h - a slice of pizza
 i - a meat ration


   Skills:
 * Level 4.6 Fighting
 * Level 5.7 Maces & Flails
 - Level 2.1 Throwing
 + Level 3.6 Dodging


You had 4 spell levels left.
You didn't know any spells.

Dungeon Overview and Level Annotations

Branches:
Dungeon (3/15)

Altars:
Cheibriados
Gozag
Nemelex Xobeh
Sif Muna


Innate Abilities, Weirdness & Mutations

You are too large for most types of armour.
You have tough skin (AC +1).


Message History

You are too injured to fight recklessly!
You closely miss the adder.
You feel sick. The adder bites you but does no damage. The adder bites you.
* * * LOW HITPOINT WARNING * * *
The orc hits you.
* * * LOW HITPOINT WARNING * * *
You hit the adder but do no damage.
You feel sick. The adder closely misses you. The orc barely misses you.
Drink which item? (? for menu, Esc to quit)
You feel yourself speed up.
You feel sick. The adder bites you but does no damage.
The orc barely misses you.
The jackal is distracted by the nearby gold.
The adder bites you.
* * * LOW HITPOINT WARNING * * *
You are very lightly contaminated with residual magic.
A jackal comes into view.
Drink which item? (? for menu, Esc to quit)
It was a potion of magic.
Magic courses through your body. The orc hits you.
You die...
Your body crumbles into a pile of gold.

### .... .._.#####
........# .##.....#########
......oS$(...?..#
#@........# #.........#
#.........# #.......[.#
#+### #.........#
....############...........
.......................h...
..........##.#+#########.##
...>..... #....# ..


You could see an adder, an orc and a jackal (wandering).

Vanquished Creatures
  2 orc wizards (D:3)
  Terence (D:3)
  3 adders (D:2)
  A worm (D:2)
  3 giant geckos (D:1)
  A ball python (D:2)
  3 bats
  8 hobgoblins
  A quokka (D:2)
  4 giant cockroaches (D:2)
  3 giant newts
  7 goblins
  6 kobolds
  5 rats
48 creatures vanquished.

Notes
Turn   | Place    | Note
--------------------------------------------------------------
     0 | D:1      | gorblad the Ogre Gladiator began the quest for the Orb.
     0 | D:1      | Reached XP level 1. HP: 22/22 MP: 1/1
   311 | D:1      | Reached XP level 2. HP: 29/31 MP: 2/2
   790 | D:1      | Reached XP level 3. HP: 37/37 MP: 3/3
  1316 | D:2      | Reached XP level 4. HP: 39/48 MP: 4/4
  1480 | D:2      | Found a faded altar to an unknown god.
  1494 | D:2      | Reached skill level 5 in Maces & Flails
  1768 | D:2      | Found a deep blue altar of Sif Muna.
  1968 | D:2      | Found an opulent altar of Gozag.
  1969 | D:2      | Found a sparkling altar of Nemelex Xobeh.
  1982 | D:2      | Became a worshipper of Gozag Ym Sagoz the Greedy
  2001 | D:3      | Noticed Terence
  2007 | D:3      | Killed Terence
  2110 | D:3      | Found a snail-covered altar of Cheibriados.
  2116 | D:3      | Reached XP level 5. HP: 40/55 MP: 5/5
  2123 | D:3      | HP: 1/55 [adder (5)]
  2124 | D:3      | Slain by an orc

Vault maps used:
D:1:      dpeg_arrival_morbid_curiosity, minmay_misc_feat_iff,
          serial_bayou_pond_d
D:2:      grunt_temple_overflow_opulence, ecumenical_altar_1, serial_curves,
          eino_curves_04, eino_curves_04, led_sif_pool
D:3:      cheibriados_altar_1, first_bread, grunt_decor_resistance, uniq_terence

Action                   |  1- 3 |  4- 6 || total
-------------------------+-------+-------++-------
Melee: Flail             |    98 |    38 ||   136
Invok: Potion Petition   |       |     1 ||     1
  Use: Scroll            |     5 |       ||     5
       Potion            |       |     2 ||     2
 Stab: Sleeping          |       |     1 ||     1
  Eat: Chunk             |     1 |     2 ||     3
